 Dungeon Crawl Stone Soup version 0.28.0-45-g0d030f2227 (webtiles) character file.

Game seed: 2477311716285534710

1286 CryoSword the Sneak (level 8, -2/67 HPs)
             Began as a Ghoul Artificer on Apr 19, 2022.
             Was an Initiate of Ru.
             Slain by a wraith (12 damage)
             ... on level 4 of the Dungeon.
             The game lasted 00:08:50 (7854 turns).

CryoSword the Sneak (Ghoul Artificer)               Turns: 7854, Time: 00:08:50

Health: -2/67      AC:  4    Str: 13 (16) XL:     8   Next: 55%
Magic:  7/7        EV: 12    Int: 10 (12) God:    Ru [......]
Gold:   272        SH:  0    Dex:  8 (11) Spells: 7/7 levels left

rFire   + . .      SeeInvis +   o - +8 dagger of Uskayaw's Anger {pain, rElec rPois rF+ SInv}
rCold   + . .      Faith    .   (no shield)
rNeg    + + +      Spirit   .   b - +0 leather armour
rPois   ∞          Reflect  .   (no helmet)
rElec   +          Harm     .   (no cloak)
rCorr   .          Rampage  .   (no gloves)
Will    .....                   k - +0 pair of boots
Stlth   ++........              (no amulet)
HPRegen 0.00/turn               r - ring of wizardry
MPRegen 0.10/turn               x - +6 ring of intelligence

@: inhibited regen, slowed, very slow
A: claws 1, cold resistance 1, negative energy resistance 3, inhibited
regeneration, torment resistance 2
a: Renounce Religion


You were on level 4 of the Dungeon.
You worshipped Ru.
Ru was noncommittal.
You visited 2 branches of the dungeon, and saw 6 of its levels.

You collected 272 gold pieces.

Inventory:

Hand Weapons
 o - the +8 dagger of Uskayaw's Anger (weapon) {pain, rElec rPois rF+ SInv}
   (You found it on level 2 of the Dungeon)

   In the hands of one skilled in necromantic magic, it inflicts extra damage on
   living creatures.
   rF:        It protects you from fire.
   rElec:     It insulates you from electricity.
   rPois:     It protects you from poison.
   SInv:      It lets you see invisible.
Missiles
 h - 8 boomerangs
Armour
 b - a +0 leather armour (worn)
 k - a +0 pair of boots (worn)
   (You found it on level 1 of the Dungeon)
Jewellery
 r - a ring of wizardry (left claw)
   (You found it on level 2 of the Dungeon)
 x - a +6 ring of intelligence (right claw)
   (You found it on level 3 of the Dungeon)
Wands
 c - a wand of flame (15)
 d - a wand of charming (7) (quivered)
 y - a wand of acid (8)
   (You found it on level 5 of the Dungeon)
Scrolls
 a - a scroll of blinking {unknown}
 i - 4 scrolls of identify {unknown}
 j - a scroll of immolation {unknown}
 l - a scroll of vulnerability {unknown}
 m - a scroll of brand weapon {unknown}
 n - a scroll of enchant weapon {unknown}
 s - 3 scrolls of teleportation {unknown}
 v - a scroll of summoning {unknown}
Potions
 f - a potion of degeneration {!q}
 g - 2 potions of berserk rage {unknown}
 p - a potion of heal wounds {@q2}
 q - 3 potions of curing {@q1}
 t - 2 potions of brilliance {unknown}
 u - a potion of cancellation {unknown}
 w - a potion of invisibility {unknown}
 z - a potion of attraction {unknown}
 A - a potion of mutation {unknown}
Miscellaneous
 e - a piece from Xom's chessboard (15/15)


   Skills:
 * Level 4.4 Fighting
 * Level 4.3 Short Blades
 + Level 3.7 Armour
 + Level 3.4 Dodging
 + Level 4.5 Stealth
 - Level 1.6 Unarmed Combat
 + Level 4.2 Evocations


You had 7 spell levels left.
You didn't know any spells.
Your spell library was empty.

Dungeon Overview and Level Annotations

Branches:
Dungeon (5/15)             Temple (1/1) D:5

Altars:
Ashenzari
Cheibriados
Fedhas
Gozag
Hepliaklqana
Kikubaaqudgha
Makhleb
Nemelex Xobeh
Okawaru
Qazlal
Ru
Sif Muna
Uskayaw
Vehumet
Wu Jian
Xom
Yredelemnul
Zin
The Shining One


Innate Abilities, Weirdness & Mutations

You thrive by killing the living.
You are immune to poison.
You have sharp fingernails.
Your flesh is cold resistant. (rC+)
You are immune to negative energy. (rN+++)
You do not regenerate when monsters are visible.
You are immune to unholy pain and torment.


Message History

A centaur comes into view.
Found a stone staircase leading up.
A centaur is nearby!
A centaur is nearby!
A centaur is nearby!
A quokka comes into view.
There is an open door here.
There is a dry fountain here.
The quokka barely misses you.
The centaur wields a +0 vorpal shortbow.
The centaur shoots an arrow.
The arrow hits you!
You hit the quokka.
The centaur shoots an arrow.
The arrow hits you. The quokka barely misses you.
You are too injured to fight recklessly!
You are too injured to fight recklessly!
You are too injured to fight recklessly!
You are too injured to fight recklessly!
You hit the quokka.
The centaur shoots an arrow.
The arrow barely misses you. The quokka barely misses you.
The centaur shoots an arrow.
The arrow barely misses you.
You hit the quokka.
You kill the quokka!
You feel better.
You hit the centaur.
The centaur unwields a +0 vorpal shortbow.
The centaur hits you. The centaur barely misses you.
You barely miss the centaur. The centaur hits you. The centaur misses you.
You hit the centaur. The centaur hits you.
The centaur kicks you but does no damage.
You puncture the centaur! The centaur hits you.
The centaur kicks you but does no damage.
You barely miss the centaur. The centaur hits you.
The centaur barely misses you. x2
The centaur kicks you but does no damage.
You barely miss the centaur.
The centaur hits you but does no damage.
The centaur closely misses you.
You hit the centaur. The centaur misses you. The centaur barely misses you.
You puncture the centaur! The centaur closely misses you. x2
You hit the centaur.
You kill the centaur!
Things that are here:
a +0 vorpal shortbow; 22 arrows Key pressed, stopping explore.
There is a fountain of clear blue water here.
There is a stone staircase leading up here.
There is a fountain of clear blue water here.
Could not explore, unopened door.
Could not explore, unopened door.
Could not explore, unopened door.
You open the door.
There is an open door here.
A phantom comes into view.
A phantom is nearby!
A phantom is nearby!
Found a viscous silvery potion.
A centaur skeleton comes into view.
Found 16 gold pieces.
The phantom barely misses you.
You closely miss the phantom. You hit the phantom.
The phantom barely misses you.
The centaur skeleton hits you but does no damage.
The centaur skeleton kicks you.
You hit the centaur skeleton.
The centaur skeleton hits you but does no damage.
The centaur skeleton barely misses you.
You hit the centaur skeleton. You puncture the centaur skeleton!
The centaur skeleton hits you.
The centaur skeleton kicks you but does no damage.
You hit the centaur skeleton. The centaur skeleton hits you.
The centaur skeleton kicks you but does no damage.
You puncture the centaur skeleton!
You destroy the centaur skeleton!
You barely miss the phantom. The phantom misses you.
You miss the phantom. The phantom hits you.
You hit the phantom. You hit the phantom. The phantom hits you!
The phantom blinks!
You blink.
You closely miss the phantom. The phantom closely misses you.
You puncture the phantom! The phantom hits you.
You puncture the phantom!
You destroy the phantom!
You now have 272 gold pieces (gained 16).
A - a viscous silvery potion
There is a shaft here.
Key pressed, stopping explore.
There is an open door here.
A wraith is nearby!
A wraith is nearby!
A wraith is nearby!
A jelly comes into view.
There is an open door here.
The jelly quivers.
Found a lightning rod (4/4).
You completely miss the jelly.
The jelly jiggles.
The jelly hits you.
You are splashed with acid!
There is an open door here.
You hit the wraith but do no damage. The wraith hits you.
You hit the wraith but do no damage. The wraith closely misses you.
There is an open door here.
The jelly jiggles.
There is a stone staircase leading up here.
The bullfrog skeleton hits you. The bullfrog skeleton misses you.
You climb upwards.
There is a stone staircase leading down here.
You hit the wraith but do no damage. The wraith hits you!
The wraith drains your vigour!
You feel yourself slow down.
You hit the wraith but do no damage. The wraith barely misses you.
You barely miss the wraith. The wraith closely misses you. The wraith hits you.
The wraith drains your vigour!
You feel as though you will be slow longer.
You closely miss the wraith. The wraith hits you but does no damage.
You hit the wraith. The wraith hits you. The wraith drains your vigour!
You feel as though you will be slow longer.
You hit the wraith but do no damage. The wraith hits you.
The wraith drains your vigour!
You feel as though you will be slow longer.
The wraith hits you!
* * * LOW HITPOINT WARNING * * *
You hit the wraith but do no damage. The wraith hits you but does no damage.
You closely miss the wraith. You claw the wraith! The wraith hits you.
* * * LOW HITPOINT WARNING * * *
You barely miss the wraith. The wraith hits you!
* * * LOW HITPOINT WARNING * * *
You hit the wraith but do no damage. The wraith hits you!
* * * LOW HITPOINT WARNING * * *
The wraith drains your vigour!
You feel as though you will be slow longer.
You feel much better. The wraith barely misses you. The wraith hits you!
* * * LOW HITPOINT WARNING * * *
You hit the wraith. The wraith hits you!
* * * LOW HITPOINT WARNING * * *
The wraith misses you. The wraith hits you!
* * * LOW HITPOINT WARNING * * *
The wraith drains your vigour!
You feel as though you will be slow longer.
Okay, then.
It was a potion of curing.
You feel better. The wraith hits you!
* * * LOW HITPOINT WARNING * * *
The wraith closely misses you.
It was a potion of degeneration.
There was something very wrong with that liquid.
You feel weakened.
You feel dopey.
You feel clumsy. The wraith hits you!
You die...

.## ..# ..# ..#
..# #.# ..# ###
########
#.W@...#
######.####.#
##.##.#.# #.#
######..##...#
##.#####
#.....##.>##.#
#......#
#.######..##.#
#..###.#
###.####..##...#
#..###.#
.......##.##.###
#...##.#
.....#.##.....#
#.#.##.#


You could see a wraith.

Vanquished Creatures
  A vampire mosquito (D:5)
  A sky beast (D:5)
  An ice beast (D:5)
  A black bear (D:4)
  A necrophage (D:5)
  A centaur (D:5)
  A phantom (D:5)
  2 scorpions (D:4)
  2 bullfrog zombies (D:5)
  2 hounds
  2 orc priests (D:5)
  A bullfrog skeleton (D:4)
  A centaur skeleton (D:5)
  An iguana (D:5)
  2 orc wizards (D:5)
  A hound skeleton (D:4)
  3 gnolls
  A howler monkey skeleton (D:5)
  5 adders
  An adder skeleton (D:4)
  2 worms
  13 orcs
  6 bats
  7 endoplasms
  4 giant cockroaches
  8 goblins
  6 hobgoblins
  2 jackals (D:2)
  A kobold (D:1)
  6 quokkas
  7 ball pythons
  8 frilled lizards
  7 rats
108 creatures vanquished.

Vanquished Creatures (collateral kills)
  A dart slug (D:1)
  A goblin (D:1)
  A frilled lizard (D:1)
  A kobold (D:1)
  2 rats (D:1)
6 creatures vanquished.

Vanquished Creatures (others)
  A hobgoblin (D:1)
  A kobold (D:2)
  6 plants (D:1)
8 creatures vanquished.

Grand Total: 122 creatures vanquished

Notes
Turn   | Place    | Note
-------+----------+-------------------------------------------
     0 | D:1      | CryoSword the Ghoul Artificer began the quest for the Orb.
     0 | D:1      | Reached XP level 1. HP: 16/16 MP: 0/0
    23 | D:1      | Reached skill level 1 in Dodging
   307 | D:1      | Reached XP level 2. HP: 6/23 MP: 1/1
   906 | D:1      | Reached skill level 1 in Unarmed Combat
  1409 | D:1      | Reached XP level 3. HP: 11/28 MP: 2/2
  2232 | D:2      | Identified the +8 dagger of Uskayaw's Anger {pain, rElec
                  | rPois rF+ SInv}
  2548 | D:2      | HP: 1/28 [worm (7)]
  3284 | D:2      | Reached XP level 4. HP: 35/35 MP: 3/3
  4272 | D:4      | Noticed a scorpion
  4287 | D:4      | Killed a scorpion
  4288 | D:4      | Reached skill level 1 in Short Blades
  4288 | D:4      | Reached XP level 5. HP: 13/41 MP: 4/4
  4702 | D:3      | Reached XP level 6. HP: 25/48 MP: 5/5
  5263 | D:4      | Noticed a black bear
  5272 | D:4      | Killed a black bear
  5535 | D:5      | Entered Level 5 of the Dungeon
  5579 | D:5      | Reached XP level 7. HP: 36/56 MP: 6/6
  5713 | D:5      | Found a hide-covered altar of Uskayaw.
  5716 | D:5      | Found a radiant altar of Vehumet.
  5716 | D:5      | Found a burning altar of Makhleb.
  5719 | D:5      | Found a sparkling altar of Nemelex Xobeh.
  5951 | D:5      | Found a staircase to the Ecumenical Temple.
  5968 | Temple   | Entered the Ecumenical Temple
  6119 | Temple   | Became a worshipper of Ru the Awakened
  6448 | D:5      | Found a broken altar of Ashenzari.
  6756 | D:5      | Reached XP level 8. HP: 47/63 MP: 7/7
  6893 | D:5      | Noticed a wraith
  7854 | D:4      | Slain by a wraith

Illustrated notes

Levels and vault maps discovered:
D:1:      mrwooster_arrival_statue_3, layout_rooms, minmay_lizard_king
D:2:      layout_basic, dk_vineyard_2
D:3:      layout_loops_cross, tso_metal_star, serial_aquarium,
          aquarium_bridge_square [aquarium_subvault_window,
          aquarium_subvault_wall, aquarium_subvault_balcony,
          aquarium_subvault_bridge], aquarium_bridge_straight
          [aquarium_subvault_bridge, aquarium_subvault_window,
          aquarium_subvault_bridge, aquarium_subvault_window],
          aquarium_window_2, aquarium_window_1, aquarium_window_fake,
          aquarium_window_fake, aquarium_view_2b, aquarium_pool_2
D:4:      layout_loops_cross, hangedman_abyss_or_decor_jellyfish_corner,
          st_stairs_7, kennysheep_generic_room_11
D:5:      minmay_clustersquares, layout_layer_cave,
          mainiacjoe_overflow_small_starburst, grunt_temple_overflow_open,
          minmay_temple_entry_statues_fountains, grunt_ministairs_8,
          grunt_tough_drop
Temple:   dshaligram_water_room_temple

Skill      XL: |  1  2  3  4  5  6  7  8 |
---------------+-------------------------+-----
Dodging        | 1 2 3 |  3.4
Unarmed Combat | 1 |  1.6
Armour         | 2 3 |  3.7
Evocations     | 3 4 |  4.2
Stealth        | 2 3 4 |  4.5
Fighting       | 2 3 4 |  4.4
Short Blades   | 1 2 3 4 |  4.3

Action                   |  1- 3 |  4- 6 |  7- 9 || total
-------------------------+-------+-------+-------++-------
Melee: Unarmed           |   170 |       |       ||   170
       Punch             |     2 |     1 |     1 ||     4
       Dagger            |    15 |   133 |   157 ||   305
Throw: Boomerang         |     1 |       |     2 ||     3
Evoke: Wand              |     7 |       |     1 ||     8
  Use: Potion            |       |       |     3 ||     3
 Stab: Betrayed ally     |     1 |       |       ||     1
       Sleeping          |     2 |     4 |       ||     6
Armor: Leather armour    |    48 |    26 |    26 ||   100
Dodge: Dodged            |   108 |    76 |   103 ||   287
